 Dungeon Crawl Stone Soup version 0.31.0-11-ge490571c62 (webtiles) character file.

Game seed: 14784667179168434881

599 SmokeWeed the Sneak (level 7, 0/40 HPs)
             Began as a Tengu Enchanter on Jan 29, 2024.
             Slain by a water moccasin (6 damage)
             ... on level 4 of the Dungeon.
             The game lasted 00:11:56 (3982 turns).

SmokeWeed the Sneak (Tengu Enchanter)               Turns: 3982, Time: 00:11:56

Health: 0/40       AC:  5    Str:  9    XL:     7   Next: 41%
Magic:  12/12      EV: 15    Int: 15    God:
Gold:   239        SH:  0    Dex: 16    Spells: 6/11 levels left

rFire   x . .        l - +0 dagger (freeze)
rCold   . . .        (no shield)
rNeg    + . .        o - +0 ring mail of Whack-A-Mole {rElec rPois rC- rN+}
rPois   +            i - +0 hat
rElec   +            (no cloak)
rCorr   .            (no gloves)
SInv    .            (boots unavailable)
Will    .....        (no amulet)
Stlth   ++           t - ring of ice
HPRegen 0.26/turn    (no ring)
MPRegen 0.13/turn

%: acrobat
@: mighty, flying
A: beak, talons 3, evasive flight, acrobatic
a: no special abilities


You were on level 4 of the Dungeon.
You visited 1 branch of the dungeon, and saw 6 of its levels.

You collected 239 gold pieces.

Inventory:

Hand Weapons
 a - a +1 dagger
 e - a +0 hand axe
 f - a +0 dagger of venom
 g - a +0 dagger of speed
 l - a +0 dagger of freezing (weapon)
Missiles
 y - a curare-tipped dart (quivered)
Armour
 b - a +0 robe
 h - a +0 scale mail
 i - a +0 hat (worn)
 o - the +0 ring mail of Whack-A-Mole (worn) {rElec rPois rC- rN+}
   (You found it on level 2 of the Dungeon)

   rC-:       It makes you vulnerable to cold.
   rElec:     It insulates you from electricity.
   rPois:     It protects you from poison rN+: It protects you from negative
   energy.
Jewellery
 t - a ring of ice (left hand)
Wands
 k - a wand of paralysis (9)
Scrolls
 d - a scroll of fear
 j - 4 scrolls of identify
 m - a scroll of silence
 q - a scroll of immolation
 s - a scroll of vulnerability
 u - 2 scrolls of enchant weapon {unknown}
 v - a scroll of revelation {unknown}
 x - a scroll of brand weapon {unknown}
Potions
 n - a potion of heal wounds {unknown}
 p - a potion of brilliance {unknown}
 r - a potion of curing {unknown}
 w - a potion of cancellation {unknown}
 z - a potion of attraction {unknown}
 A - a potion of berserk rage {unknown}
 B - a potion of lignification {unknown}


   Skills:
 * Level 2.3 Fighting
 + Level 3.2 Short Blades
 - Level 0.5 Axes
 * Level 3.5 Armour
 + Level 3.6 Dodging
 + Level 4.3 Stealth
 * Level 2.9 Spellcasting
 * Level 3.0 Hexes


You had 6 spell levels left.
You knew the following spells:

 Your Spells              Type           Power      Damage    Failure   Level
a - Ensorcelled Hibernat  Hex/Ice        20%        N/A       38%         2
b - Tukima's Dance        Hex            11%        N/A       41%         3

Your spell library contained the following spells:

 Spells                   Type           Power      Damage    Failure   Level
 Confusing Touch          Hex            11%        N/A       41%         3
 Freeze                   Ice            12%        1d3       47%         1
 Dazzling Flash           Conj/Hex       12%        N/A       63%         3
 Frozen Ramparts          Ice            6%         1d1       85%         3
 Fugue of the Fallen      Necr           2%         N/A       85%         3
 Hailstorm                Conj/Ice       3%         3d5       85%         3
 Ozocubu's Armour         Ice            3%         N/A       85%         3
 Manifold Assault         Tloc           2%         N/A       99%         4


Dungeon Overview and Level Annotations

Branches:
Dungeon (6/15)             Temple (0/1) D:4

Altars:


Innate Abilities, Weirdness & Mutations

You have a beak for a mouth.
You have claws for feet.
Your magical flight helps you evade attacks. (EV +4)
You can magically evade attacks while moving or waiting.


Message History

The water moccasin is almost dead.
You feel very sick. The orc barely misses you. The water moccasin misses you.
You barely miss the water moccasin. Your kick misses the water moccasin.
The water moccasin is almost dead.
You feel very sick. The orc misses you.
The water moccasin bites you but does no damage.
You feel very sick.
The water moccasin attacks as it pursues you!
The water moccasin completely misses you.
You feel sick.
You feel sick.
The water moccasin is no longer moving slowly.
The water moccasin attacks as it pursues you!
The water moccasin closely misses you.
You feel sick.
The water moccasin attacks as it pursues you!
The water moccasin closely misses you.
There is a stone staircase leading up here.
You feel sick. The water moccasin closely misses you.
The orc completely misses you. The water moccasin bites you.
* * * LOW HITPOINT WARNING * * *
You fly upwards.
You feel sick.
There is a stone staircase leading down here.
You feel sick. The orc attacks as it pursues you!
The orc completely misses you.
The water moccasin attacks as it pursues you!
The water moccasin barely misses you.
You feel sick.
You are no longer poisoned.
The water moccasin barely misses you.
It was a potion of might.
You feel very mighty all of a sudden. The orc misses you.
The water moccasin bites you but does no damage.
You hit the orc. You freeze the orc. Your kick misses the orc.
The orc is severely wounded.
The water moccasin bites you.
You die...

.............................#...
.................................
.................(...............
.................................
..............................###
............................### #
.............................## #
.......................<......###
...............o@................
...###.........S.................
.#####........>.......<.###......
.####.................### #......
..##................### #......
..#....#...........## #.†)...
......##......)....## #......
.....###............## #......
....####.....#.......### #......


You could see a water moccasin and an orc.

Vanquished Creatures
  A black bear (D:4)
  A phantom (D:5)
  2 orc priests (D:4)
  A bombardier beetle (D:3)
  Ijyb (D:4)
  2 hounds (D:4)
  An iguana (D:5)
  4 gnolls
  10 adders
  3 dart slugs
  A ribbon worm (D:2)
  2 orcs (D:4)
  11 ball pythons
  5 endoplasms
  5 giant cockroaches
  15 goblins
  7 hobgoblins
  2 jackals (D:2)
  3 quokkas
  5 bats
  5 frilled lizards
  7 kobolds
  6 rats
100 creatures vanquished.

Notes
Turn   | Place    | Note
-------+----------+-------------------------------------------
     0 | D:1      | SmokeWeed the Tengu Enchanter began the quest for the Orb.
     0 | D:1      | Reached XP level 1. HP: 10/10 MP: 4/4
   163 | D:1      | Reached XP level 2. HP: 14/15 MP: 6/6
   519 | D:1      | Reached XP level 3. HP: 19/19 MP: 7/7
   776 | D:2      | Reached XP level 4. HP: 23/24 MP: 8/8
   868 | D:2      | Identified the +0 ring mail of Whack-A-Mole {rElec rPois
                  | rC- rN+}
  1105 | D:2      | Found a faded altar of an unknown god.
  1431 | D:3      | Reached skill level 1 in Armour
  1434 | D:3      | Reached skill level 1 in Fighting
  1457 | D:3      | Reached XP level 5. HP: 28/29 MP: 9/9
  1492 | D:3      | Learned a level 2 spell: Ensorcelled Hibernation
  1509 | D:3      | You fall into a shaft and drop 3 floors!
  1558 | D:5      | Entered Level 5 of the Dungeon
  1558 | D:5      | Noticed a phantom
  1588 | D:5      | Killed a phantom
  2017 | D:4      | Noticed a black bear
  2018 | D:4      | Reached XP level 6. HP: 34/34 MP: 10/10
  2040 | D:4      | Killed a black bear
  2155 | D:4      | Found a staircase to the Ecumenical Temple.
  2167 | D:4      | Reached skill level 4 in Stealth
  2547 | D:4      | Noticed Ijyb
  2557 | D:4      | Paralysed by Ijyb for 4 turns
  2564 | D:4      | Killed Ijyb
  2565 | D:4      | Gained mutation: Your magical flight helps you evade
                  | attacks. (EV +4) [Tengu growth]
  2565 | D:4      | Reached XP level 7. HP: 31/39 MP: 12/12
  2864 | D:4      | Learned a level 3 spell: Tukima's Dance
  3982 | D:4      | Slain by a water moccasin

Illustrated notes

Levels and vault maps discovered:
D:1:      dpeg_arrival_subterranean_lakeside_camping, layout_rooms,
          kennysheep_another_room, minmay_misc_feat_enclosed
D:2:      layout_rooms, serial_forest, infiniplex_forest_diagonal,
          infiniplex_forest_lined_room_3, infiniplex_forest_split,
          infiniplex_forest_end_3, infiniplex_forest_lined_ring,
          infiniplex_forest_clump_cross, infiniplex_forest_end_1,
          infiniplex_forest_zigzag_1, nicolae_ecumenical_pavilion
D:3:      layout_rooms
D:4:      kennysheep_the_goblin_king, layout_layer_cave,
          minmay_temple_entry_proselytizer
D:5:      layout_basic, okawaru_ov_weapons_minmay
D:6:      minmay_razor_zed, layout_loops_ring, portal_sewer_entry_e,
          gup_ossuary_entry_pyramid

Skill      XL: |  1  2  3  4  5  6  7 |
---------------+----------------------+-----
Armour         | 1 2 3 |  3.5
Fighting       | 1 2 |  2.3
Short Blades   | 2 3 |  3.2
Dodging        | 3 |  3.6
Hexes          | 3 |  3.0
Stealth        | 4 |  4.3
Axes           | |  0.5
Spellcasting   | |  2.9

Action                     |  1- 3 |  4- 6 |  7- 9 || total
---------------------------+-------+-------+-------++-------
  Melee: Hand axe          |     8 |       |       ||     8
         Dagger            |    84 |   130 |    76 ||   290
         Kick              |    24 |    41 |    20 ||    85
         Peck              |    13 |    15 |     9 ||    37
         Punch             |       |       |     1 ||     1
  Throw: Dart              |       |     2 |       ||     2
    Use: Scroll            |     4 |     2 |       ||     6
         Potion            |     1 |     2 |     1 ||     4
   Stab: Invisible         |       |     6 |       ||     6
         Sleeping          |       |     1 |     4 ||     5
 Armour: Robe              |     2 |       |       ||     2
         Scale mail        |    44 |     5 |       ||    49
         Ring mail         |       |    51 |    22 ||    73
  Dodge: Dodged            |    55 |    74 |    58 ||   187
